 Dungeon Sprint DCSS version 0.27-a0-1193-g8631133539 (webtiles) character file.

Game seed: 2249684586595265461

25 rocky1 the Shield-Bearer (level 3, -5/31 HPs)
             Began as a Formicid Fighter on May 26, 2021.
             Drowned by a water elemental (7 damage)
             ... in the Dungeon (Sprint III: "The Ten Rune Challenge").
             The game lasted 00:01:10 (464 turns).

rocky1 the Shield-Bearer (Formicid Fighter)          Turns: 464, Time: 00:01:11

Health: -5/31      AC:  7    Str: 21    XL:     3   Next: 17%
Magic:  3/3        EV:  9    Int:  7    God:
Gold:   22         SH:  9    Dex: 10    Spells: 2/2 levels left

rFire    . . .     SeeInvis +   a - +0 long sword
rCold    . . .     Faith    .   c - +0 kite shield
rNeg     . . .     Spirit   .   b - +0 scale mail
rPois    .         Reflect  .   (helmet unavailable)
rElec    .         Harm     .   (no cloak)
rCorr    .         Rampage  .   (no gloves)
Will     .....                  (no boots)
Stlth    ..........             (no amulet)
HPRegen  0.10/turn              (no ring)
MPRegen  0.08/turn              (no ring)

@: mighty, engulfed (cannot breathe)
A: permanent stasis, dig shafts and tunnels, antennae 3, four strong arms
a: Dig


You were in the Dungeon.
You visited 1 branch You collected 22 gold pieces.

Inventory:

Hand Weapons
 a - a +0 long sword (weapon)
Armour
 b - a +0 scale mail (worn)
 c - a +0 kite shield (worn)
Scrolls
 f - a scroll of holy word {unknown}
 h - 4 scrolls of identify
 j - a scroll of torment {unknown}
Potions
 e - 5 potions of mutation {unknown}
 g - 2 potions of magic
 i - 4 potions of flight


   Skills:
 + Level 4.3 Fighting
 + Level 3.1 Long Blades
 + Level 4.3 Armour
 + Level 2.0 Dodging
 + Level 4.7 Shields


You had 2 spell levels left.
You didn't know any spells.
Your spell library was empty.

Dungeon Overview and Level Annotations

Branches:
Dungeon (1/1)

Altars:


Innate Abilities, Weirdness & Mutations

You cannot be hasted, slowed, berserked, paralysed or teleported.
You can dig through walls and to a lower floor.
You have a pair of large antennae on your head. (SInv)
Your four strong arms can wield two-handed weapons with a shield.


Message History

You start resting.
HP restored.
A phantom comes into view.
The phantom hits you but does no damage.
Your scale mail prevents you from hitting the phantom.
The phantom hits you but does no damage.
You slash the phantom!
The phantom is almost destroyed.
You block the phantom's attack. The phantom closely misses you.
You riposte.
You hit the phantom but do no damage.
The phantom is almost destroyed.
You slash the phantom!
You destroy the phantom!
Your Dodging skill increases to level 2!
No target in view!
No target in view!
You open the door.
Found 19 gold pieces and 3 silvery potions.
There is an open door here.
You now have 11 gold pieces (gained 8).
e - a silvery potion;
f - a scroll labelled BAR JASUREDE
h - 2 scrolls of identify;
e - 2 silvery potions (gained 1)
i - 2 potions of flight
e - 4 silvery potions (gained 2);
j - a scroll labelled HOORGH LARIM
h - 4 scrolls of identify (gained 2);
e - 5 silvery potions (gained 1)
i - 4 potions of flight (gained 2)
You now have 22 gold pieces (gained 11).
There is an open door here.
You open the door.
A water elemental comes into view.
You feel very mighty all of a sudden.
You slash the water elemental!
The water elemental is heavily damaged.
The water elemental hits you! x2
Ouch! That really hurt!
* * * LOW HITPOINT WARNING * * *
The water elemental engulfs you in water!
You slash the water elemental!
The water elemental is almost destroyed.
You die...

▓▓▓▓▓▓▓▓ ▓▓▓ <..#)..####
##.# ...#......#####..#
..##....÷..#..#..#{
##.##.##...#..#..# #+#+#
##.##.###..##'#..#......
#.####.##÷.###..@E.⌠....
.###..##..####...#...###
#.....##..###....# ⌠.#
###..##...##.....# .#
##..##....#......# #
#..###..##.#.....# {{
#..# #.. ####....# ▓▓▓▓
▓▓▓ ▓▓▓▓▓▓ { { {


You could see a water elemental.

Vanquished Creatures
  A human (D)
  A phantom (D)
  2 endoplasms (D)
  2 rats (D)
6 creatures vanquished.

Vanquished Creatures (others)
  3 plants (D)
3 creatures vanquished.

Grand Total: 9 creatures vanquished

Notes
Turn   | Place    | Note
-------+----------+-------------------------------------------
     0 | D        | rocky1 the Formicid Fighter began the quest for the Orb.
     0 | D        | Reached XP level 1. HP: 18/18 MP: 1/1
   189 | D        | Reached skill level 1 in Dodging
   189 | D        | Reached XP level 2. HP: 4/25 MP: 2/2
   189 | D        | Reached XP level 3. HP: 5/30 MP: 3/3
   461 | D        | Noticed a water elemental
   464 | D        | Drowned by a water elemental

Illustrated notes

Levels and vault maps discovered:
D:        dungeon_sprint_mu [sprint_mu_entry_cave, sprint_mu_temple_rooms,
          sprint_mu_d1_horrors, sprint_mu_d2_genie, sprint_mu_d3_branching,
          sprint_mu_orc_legion, sprint_mu_elf_gauntlet, sprint_mu_hive_nellie,
          sprint_mu_lair_fedhas, sprint_mu_vaults_butterflies,
          sprint_mu_slime_circle, sprint_mu_swamp_cave, sprint_mu_snake_twists,
          sprint_mu_blade_basic, sprint_mu_crypt_chambers,
          sprint_mu_tomb_spiral, sprint_mu_vestibule_basic,
          sprint_mu_gehenna_hellfire, sprint_mu_dis_giant,
          sprint_mu_tartarus_statrot, sprint_mu_cocytus_islands, sprint_mu_zot1]

Skill      XL: |  1  2  3 |
---------------+----------+-----
Shields        | 4 |  4.7
Fighting       | 4 |  4.3
Long Blades    | 3 |  3.1
Armour         | 4 |  4.3
Dodging        | 1 2 |  2.0

Action                   || total
-------------------------++-------
Melee: Long sword        ||    43
  Use: Potion            ||     3
Armor: Scale mail        ||     7
Dodge: Dodged            ||    18
Block: Kite shield       ||    20
       Rpst.: Long sword ||     6

Table legend: (Time is in decaauts)
 A = Elapsed time spent in this place.
 B = Non-inter-level travel time spent in this place.
 C = Inter-level travel time spent in this place.
 D = Time resting spent in this place.
 E = Time spent auto-exploring this place.
 F = Levels seen in this place.
 G = Mean time per level.
                   A        B        C        D        E       F      G
               +--------+--------+--------+--------+--------+-----+--------+
         Total |    482 |    482 |      0 |    344 |      0 |   1 |  482.0 |
       Dungeon |    482 |    482 |      0 |    344 |      0 |   1 |  482.0 |
               +--------+--------+--------+--------+--------+-----+--------+

Top non-repeatable levels by time:
       D: 482 daAuts
